 Dungeon Crawl Stone Soup version 0.28-a0-1510-gd0f6b136d3 (webtiles) character file.

Game seed: 4126155332778142902

679 wakim the Skirmisher (level 7, -3/58 HPs)
             Began as a Palentonga Fighter on Jan 15, 2022.
             Slain by Duvessa (7 damage)
             ... on level 5 of the Dungeon.
             The game lasted 00:13:27 (3260 turns).

wakim the Skirmisher (Palentonga Fighter)           Turns: 3260, Time: 00:13:27

Health: -3/58      AC: 16    Str: 20    XL:     7   Next: 34%
Magic:  7/7        EV:  7    Int:  8    God:
Gold:   200        SH:  4    Dex: 11    Spells: 6/6 levels left

rFire   . . .      SeeInvis +   b - +0 hand axe (elec)
rCold   . . .      Faith    .   c - +0 buckler
rNeg    . . .      Spirit   .   s - +0 scale mail
rPois   .          Reflect  .   R - +0 helmet
rElec   .          Harm     .   (no cloak)
rCorr   .          Rampage  .   Q - +0 pair of gloves
Will    .....                   (no barding)
Stlth   ..........              Z - amulet of regeneration
HPRegen 0.99/turn               (no ring)
MPRegen 0.10/turn               (no ring)

@: curled up
A: large, rugged brown scales 3, see invisible, deformed body, roll 1, armoured
tail, reflexive curl
a: Rolling Charge


You were on level 5 of the Dungeon.
You visited 2 branches of the dungeon, and saw 6 of its levels.

You collected 200 gold pieces.

Inventory:

Hand Weapons
 b - a +0 hand axe of electrocution (weapon)
 O - a +2 great mace of draining
Missiles
 S - 3 throwing nets {=f!f}
 V - 2 poisoned darts
Armour
 c - a +0 buckler (worn)
 s - a +0 scale mail (worn)
 Q - a +0 pair of gloves (worn)
 R - a +0 helmet (worn)
Jewellery
 X - an amulet of faith
 Z - an amulet of regeneration (around neck)
Scrolls
 T - 2 scrolls of amnesia
Potions
 J - 2 potions of heal wounds
 M - 2 potions of mutation {!q}
 N - 2 potions of might
 P - a potion of curing
 U - a potion of magic {unknown}
 Y - a potion of lignification {unknown}


   Skills:
 + Level 4.9 Fighting
 * Level 4.7(5.2) Axes
 - Level 3.3(4.5) Maces & Flails
 + Level 4.1 Armour
 - Level 2.4 Shields


You had 6 spell levels left.
You didn't know any spells.
Your spell library contained the following spells:

 Spells                   Type           Power      Damage    Failure   Level
 Magic Dart               Conj           0%         1d3       83%         1
 Summon Small Mammal      Summ           0%         N/A       83%         1
 Call Imp                 Summ           0%         N/A       92%         2
 Call Canine Familiar     Summ           0%         N/A       99%         3
 Mephitic Cloud           Conj/Pois/Air  0%         N/A       99%         3
 Summon Guardian Golem    Hex/Summ       0%         N/A       99%         3


Dungeon Overview and Level Annotations

Branches:
Dungeon (5/15)             Temple (1/1) D:5

Altars:
Ashenzari
Dithmenos
Fedhas
Gozag
Hepliaklqana
Kikubaaqudgha
Makhleb
Nemelex Xobeh
Ru
Sif Muna
Trog
Uskayaw
Vehumet
Wu Jian
Xom
The Shining One

Annotations:
D:3 3 runed translucent doors, GrimJard's ghost, amateur DrCj
D:5 Duvessa


Innate Abilities, Weirdness & Mutations

You are completely covered in rugged brown scales. (AC +3, +7% HP)
You have supernaturally acute eyesight. (SInv)
Armour fits poorly on your strangely shaped body.
You can roll at nearby foes to attack.
You have a long armoured tail.
You curl defensively after being hit. (AC +7*)


Message History

Dowan points at you and mumbles some strange words.
You resist with some effort.
Duvessa drinks a potion.
Duvessa is healed!
You hit Duvessa but do no damage.
You tail-slap Duvessa, but do no damage.
Duvessa is heavily wounded.
Duvessa hits you with a +0 short sword.
You hit Duvessa.
Duvessa is severely wounded.
You hit Dowan but do no damage. Dowan hits you with a +0 dagger.
Duvessa hits you with a +0 short sword.
You slash Duvessa!
Duvessa is almost dead.
You closely miss Dowan. Dowan hits you but does no damage.
Duvessa completely misses you.
You barely miss Duvessa.
You tail-slap Duvessa, but do no damage.
Duvessa is almost dead.
You hit Dowan. Lightning courses through Dowan! Dowan casts a spell at you.
You resist with some effort. Duvessa hits you but does no damage.
You hit Duvessa.
Duvessa is almost dead.
You hit Dowan but do no damage. Lightning courses through Dowan!
You kill Dowan!
Duvessa weeps, and shakes her weapon.
Duvessa goes berserk!
Duvessa hits you with a +0 short sword!!
* * * LOW HITPOINT WARNING * * *
Duvessa hits you with a +0 short sword.
* * * LOW HITPOINT WARNING * * *
You hit Duvessa but do no damage.
Duvessa is almost dead.
Duvessa hits you with a +0 short sword.
* * * LOW HITPOINT WARNING * * *
You completely miss Duvessa.
Duvessa is almost dead.
Duvessa hits you with a +0 short sword!
* * * LOW HITPOINT WARNING * * *
Duvessa hits you with a +0 short sword!
You die...

##########
#........###
####..##..P.P.
#........##.## #
#.##..#.P#..e#P.#
#.##..#....@....#
#.##....P#.).#P##
#.##.....##.##
#.##.##.##P.P#
#.......# #....
####.#### #.....
#.# #...$.. #.#
#...... #.#


You could see Duvessa (berserk).

Vanquished Creatures
  A black bear (D:4)
  2 ogres (D:4)
  A scorpion (D:4)
  Dowan (D:5)
  2 iguanas (D:4)
  Robin (D:4)
  8 gnolls
  4 adders
  An ufetubus (D:4)
  5 worms
  6 dart slugs
  4 orcs
  5 ball pythons
  2 bats
  11 endoplasms
  7 giant cockroaches
  14 goblins
  6 hobgoblins
  9 jackals (D:2)
  3 quokkas
  A frilled lizard (D:3)
  7 kobolds
  3 rats
104 creatures vanquished.

Vanquished Creatures (collateral kills)
  A dart slug (D:4)
  A ball python (D:4)
2 creatures vanquished.

Grand Total: 106 creatures vanquished

Notes
Turn   | Place    | Note
-------+----------+-------------------------------------------
     0 | D:1      | wakim the Palentonga Fighter began the quest for the Orb.
     0 | D:1      | Reached XP level 1. HP: 19/19 MP: 1/1
    84 | D:1      | You fall into a shaft and drop 1 floor!
   100 | D:2      | Reached XP level 2. HP: 16/25 MP: 2/2
   255 | D:1      | Reached XP level 3. HP: 19/31 MP: 3/3
   633 | D:1      | Found a faded altar of an unknown god.
  1003 | D:2      | !bestwep
  1065 | D:2      | !bestwep
  1450 | D:3      | !bestwep
  1463 | D:3      | Reached XP level 4. HP: 37/37 MP: 4/4
  1682 | D:3      | Reached skill level 1 in Axes
  1875 | D:3      | Reached XP level 5. HP: 44/44 MP: 5/5
  2055 | D:3      | Found a runed translucent gate.
  2055 | D:3      | Found a runed translucent gate.
  2056 | D:3      | Found a runed translucent gate.
  2056 | D:3      | Noticed GrimJard's ghost (amateur DrCj)
  2424 | D:4      | Noticed Robin
  2448 | D:4      | Killed Robin
  2460 | D:4      | Reached XP level 6. HP: 39/51 MP: 6/6
  2676 | D:4      | Gained mutation: You curl defensively after being hit. (AC
                  | +7*) [Palentonga growth]
  2676 | D:4      | Reached XP level 7. HP: 57/58 MP: 7/7
  2965 | D:4      | Found a shadowy altar of Dithmenos.
  2985 | D:4      | !bestwep
  3153 | D:5      | Entered Level 5 of the Dungeon
  3185 | D:5      | Found a staircase to the Ecumenical Temple.
  3192 | D:5      | Noticed Dowan
  3193 | D:5      | Noticed Duvessa
  3196 | Temple   | Entered the Ecumenical Temple
  3258 | D:5      | Killed Dowan
  3260 | D:5      | Slain by Duvessa

Illustrated notes ### ..# #.# #.# #@# # ##.##.# .#####...#.# ...........# ######...### .# ##.## .# #.# .###############.# .##..............# Turn 1003 on D:2: !bestwep ######### ........# #.# #.# #.# ##.# #@.# #.## #.# #.# #.# #.# #.# #.# #.# Turn 1065 on D:2: !bestwep ### .... ..... ########...##. #.....@....... #.######...#.. ..... ...( .#. # Turn 1450 on D:3: !bestwep

#### #.# .(.# #.# ##.#
#.# #.# #.# ##.####.#
<....##.#
##.#.##.##########
##.#.....).......#
...##.....######@#
######...## #.# #
##.## #.###### # #.#
##.##...## # #.#
###...#.#..# # ##'##
#......_...# ##...##
#.#..##.##.#
##.....###.#..##..#.#
##.......##.#......#.#


Turn 2985 on D:4: !bestwep

Levels and vault maps discovered:
D:1:      dpeg_arrival_prison, layout_rooms, shapermc_ecumenical_altar_venn
D:2:      layout_loops_ring
D:3:      layout_loops_ring, ebering_ghost_rock_garden
D:4:      layout_loops_corners, lemuel_crystal_altar, wad_floor_pattern_2,
          minmay_cut_off, uniq_robin
D:5:      layout_loops_cross, minmay_temple_entry_gardened_gates,
          chequers_serial_rivers_marsh, uniq_prince_ribbit1, uniq_menkaure,
          uniq_duvessa
Temple:   eino_wide_crystal_templ

Skill      XL: |  1  2  3  4  5  6  7 |
---------------+----------------------+-----
Maces & Flails | 3 |  3.3
Armour         | 3 4 |  4.1
Axes           | 1 3 4 |  4.7
Fighting       | 4 |  4.9
Shields        | |  2.4

Action                   |  1- 3 |  4- 6 |  7- 9 || total
-------------------------+-------+-------+-------++-------
Melee: Flail             |    93 |       |       ||    93
       Tailslap          |    13 |    19 |     4 ||    36
       Hand axe          |     6 |   133 |    26 ||   165
Throw: Dart              |       |     2 |     1 ||     3
 Abil: Rolling Charge    |    26 |    26 |     4 ||    56
  Use: Scroll            |     4 |     1 |     2 ||     7
Armor: Scale mail        |    57 |    49 |     8 ||   114
Dodge: Dodged            |    34 |    34 |     6 ||    74
Block: Buckler           |    22 |    19 |     2 ||    43

Table legend: (Time is in decaauts)
 A = Elapsed time spent in this place.
 B = Non-inter-level travel time spent in this place.
 C = Inter-level travel time spent in this place.
 D = Time resting spent in this place.
 E = Time spent auto-exploring this place.
 F = Levels seen in this place.
 G = Mean time per level.
                   A        B        C        D        E       F      G
               +--------+--------+--------+--------+--------+-----+--------+
         Total |   3316 |   3089 |    227 |     17 |   1410 |   6 |  552.7 |
       Dungeon |   3263 |   3043 |    220 |     17 |   1378 |   5 |  652.6 |
        Temple |     52 |     45 |      7 |      0 |     32 |   1 |   52.0 |
               +--------+--------+--------+--------+--------+-----+--------+

Top non-repeatable levels by time:
     D:4: 977 daAuts
     D:2: 875 daAuts
     D:3: 752 daAuts
     D:1: 603 daAuts
     D:5: 55 daAuts
  Temple: 52 daAuts
